 Dungeon Crawl Stone Soup version 0.28.0 (webtiles) character file.

Game seed: 9638835204653969164

177538 DearestLeader the Executioner (level 17, -11/252 HPs)
             Began as a Minotaur Fighter on Feb 14, 2022.
             Was the Champion of Okawaru.
             Mangled by a naga mage (12 damage)
             ... on level 4 of the Snake Pit on Feb 16, 2022.
             The game lasted 01:06:07 (35891 turns).

DearestLeader the Executioner (Minotaur Fighter)   Turns: 35891, Time: 01:06:08

Health: -11/252    AC: 45    Str: 27    XL:     17   Next: 54%
Magic:  3/32       EV: 10    Int:  7    God:    Okawaru [******]
Gold:   2090       SH: 15    Dex: 10    Spells: 16/16 levels left

rFire   + . .      SeeInvis .   i - +3 broad axe (vorpal)
rCold   + + +      Faith    .   J - +1 kite shield {reflect}
rNeg    . . .      Spirit   .   S - +4 plate armour {rC+}
rPois   .          Reflect  +   C - +2 hat of Going Fast {Regen+ MP+9}
rElec   +          Harm     .   O - +2 cloak "Zuiw" {rC+}
rCorr   .          Rampage  ∞   u - +2 pair of gloves {infuse}
Will    +....                   Z - +3 pair of seven-league boots {Rampage+∞}
Stlth   ..........              A - amulet of regeneration
HPRegen 2.12/turn               s - ring "Xageque" {rElec rF+ rC+ Stlth+}
MPRegen 0.23/turn               q - +4 ring of protection

@: berserking, lethally poisoned (-11 -> -17), heroic, slowed, constricted,
studying Shields
A: horns 2, retaliatory headbutt, hooves 1, iridescent scales 1, MP-powered
wands
a: Renounce Religion, Heroism, Finesse, Duel


You were on level 4 of the Snake Pit.
You worshipped Okawaru.
Okawaru was exalted by your worship.
You visited 5 branches of the dungeon, and saw 28 of its levels.
You also visited: Sewer, Ossuary and Ice Cave.

You collected 2889 gold pieces.
You spent 799 gold pieces at shops.

Inventory:

Hand Weapons
 i - a +3 vorpal broad axe (weapon)
 l - a +2 war axe of flaming
Missiles
 L - 3 throwing nets
 U - 11 curare-tipped darts (quivered)
Armour
 b - an orb of mayhem
 c - a +0 buckler
 u - a +2 pair of gloves of infusion (worn)
 C - the +2 hat of Going Fast (worn) {Regen+ MP+9}
   (Okawaru gifted it to you on level 12 of the Dungeon)

   MP:        It affects your magic capacity (+9).
   Regen:     It increases your rate of health regeneration.
 J - a +1 kite shield of reflection (worn)
 O - the +2 cloak "Zuiw" (worn) {rC+}
   (Okawaru gifted it to you on level 15 of the Dungeon)

   rC:        It protects you from cold.
 S - a +4 plate armour of cold resistance (worn)
 Z - the +3 pair of seven-league boots (worn) {Rampage+∞}
   (You found it on level 3 of the Lair of Beasts)

   Its wearer moves as far as possible in that direction when moving towards
   enemies.
Jewellery
 j - a +4 ring of slaying
 o - a ring of flight
 p - a ring of resist corrosion
 q - a +4 ring of protection (right hand)
 s - the ring "Xageque" (left hand) {rElec rF+ rC+ Stlth+}
   (You acquired it on level 3 of the Lair of Beasts)

   [ring of protection from cold]

   rF:        It protects you from fire.
   rC:        It protects you from cold.
   rElec:     It insulates you from electricity.
   Stlth:     It makes you more stealthy.
 t - a +4 ring of protection
 x - a ring of see invisible
 A - an amulet of regeneration (around neck)
 M - a ring of protection from fire
Wands
 k - a wand of digging (24)
 D - a wand of iceblast (26)
 G - a wand of mindburst (5)
 R - a wand of polymorph (14)
 W - a wand of acid (10)
 Y - a wand of paralysis (11)
Scrolls
 a - a scroll of fear
 g - a scroll of enchant weapon
 h - 7 scrolls of teleportation
 m - 5 scrolls of magic mapping
 n - 6 scrolls of enchant armour
 y - 3 scrolls of blinking
 E - a scroll of summoning {unknown}
 F - 5 scrolls of amnesia
 P - 4 scrolls of fog
 Q - 2 scrolls of torment {unknown}
 X - 3 scrolls of silence
Potions
 d - 8 potions of might
 e - 5 potions of brilliance
 f - 4 potions of mutation
 r - 5 potions of ambrosia
 v - 8 potions of curing
 z - 3 potions of haste
 B - 5 potions of magic
 H - 5 potions of flight
 I - 2 potions of heal wounds
 K - 3 potions of resistance
 T - 3 potions of cancellation


   Skills:
 + Level 19.3(24.3) Fighting
 - Level 24.0(27) Axes
 + Level 17.6(22.6) Armour
 - Level 11.0(16.0) Dodging
 * Level 13.3(18.3) Shields
 - Level 10.0 Invocations


You had 16 spell levels left.
You didn't know any spells.
Your spell library contained the following spells:

 Spells                   Type           Power      Damage    Failure   Level
 Freeze                   Ice            0%         1d3       96%         1
 Sandblast                Erth           0%         2d4       96%         1
 Slow                     Hex            0%         N/A       96%         1
 Sting                    Tmut/Pois      0%         1d3       96%         1
 Corpse Rot               Necr/Air       0%         N/A       99%         2
 Ensorcelled Hibernation  Hex/Ice        0%         N/A       99%         2
 Passwall                 Tmut/Erth      0%         N/A       99%         2
 Poisonous Vapours        Pois/Air       0%         N/A       99%         2
 Static Discharge         Conj/Air       0%         N/A       99%         2
 Wereblood                Tmut           0%         N/A       99%         2
 Confusing Touch          Hex            0%         N/A       100%        3
 Frozen Ramparts          Ice            0%         1d2       100%        3
 Gell's Gravitas          Tloc           0%         N/A       100%        3
 Lesser Beckoning         Tloc           0%         N/A       100%        3
 Spider Form              Tmut/Pois      0%         N/A       100%        3
 Stone Arrow              Conj/Erth      0%         3d7       100%        3
 Teleport Other           Tloc           0%         N/A       100%        3
 Vampiric Draining        Necr           0%         2d6       100%        3
 Anguish                  Hex/Necr       0%         N/A       100%        4
 Hailstorm                Conj/Ice       0%         3d3       100%        4
 Iskenderun's Mystic Bla  Conj/Tloc      0%         2d3       100%        4
 Olgreb's Toxic Radiance  Pois           0%         N/A       100%        4
 Petrify                  Tmut/Erth      0%         N/A       100%        4
 Lightning Bolt           Conj/Air       0%         1d11      100%        5
 Metabolic Englaciation   Hex/Ice        0%         N/A       100%        5
 Yara's Violent Unravell  Hex/Tmut       0%         3d3       100%        5
 Conjure Ball Lightning   Conj/Air       0%         3x3d6     100%        6
 Dispersal                Tloc           0%         N/A       100%        6
 Eringya's Noxious Bog    Tmut/Pois      0%         N/A       100%        6
 Statue Form              Tmut/Erth      0%         N/A       100%        6
 Enfeeble                 Hex            0%         N/A       100%        7
 Discord                  Hex            0%         N/A       100%        8
 Disjunction              Tloc           0%         N/A       100%        8
 Maxwell's Capacitive Co  Air            0%         ∞         100%        8
 Summon Small Mammal      Summ           Unusable   N/A       N/A         1
 Call Canine Familiar     Summ           Unusable   N/A       N/A         3
 Summon Guardian Golem    Hex/Summ       Unusable   N/A       N/A         3

Dungeon Overview and Level Annotations

Branches:
Dungeon (15/15)            Temple (1/1) D:4            Lair (6/6) D:8
 Shoals (0/4) Lair:3        Snake (4/4) Lair:3        Slime (0/5) Lair:6
    Orc (2/2) D:11            Elf (0/3) Orc:2        Vaults (0/5) D:13
 Depths (0/4) D:15          Sewer (visited)         Ossuary (visited)
  IceCv (visited)

Altars:
Ashenzari
Cheibriados
Dithmenos
Elyvilon
Fedhas
Gozag
Hepliaklqana
Kikubaaqudgha
Makhleb
Nemelex Xobeh
Okawaru
Qazlal
Ru
Sif Muna
Trog
Uskayaw
Vehumet
Wu Jian
Xom
Yredelemnul
Zin
The Shining One
Beogh

Shops:
D:11 (   D:12 !   Orc:1 **   Orc:2 =[(*   Snake:2 (   Snake:4 *


Innate Abilities, Weirdness & Mutations

You have a pair of horns on your head.
You reflexively headbutt those who attack you in melee.
You have large cloven feet.
You are partially covered in iridescent scales. (AC +2)
You expend magic power (3 MP) to strengthen your wands.


Message History

You block the naga warrior's attack. The naga warrior constricts you.
* * * LOW HITPOINT WARNING * * *
The salamander mystic hits you but does no damage.
A naga warrior comes into view. It is wielding a +0 battleaxe.
The naga warrior blocks your attack.
You headbutt the naga warrior!!
You kill the naga warrior!
Okawaru accepts your kill. The naga warrior blocks your attack.
You slice the salamander mystic!! You barely miss the naga ritualist.
You feel very sick. You block the naga mage's attack.
You block the naga warrior's attack. The naga warrior closely misses you.
You feel very sick.
The naga ritualist utters an invocation to its god.
The naga ritualist begins to radiate toxic energy.
* * * LOW HITPOINT WARNING * * *
You are more poisoned.
You block the naga mage's attack. x2
The salamander mystic gestures at you while chanting.
The lance of force hits you!
* * * LOW HITPOINT WARNING * * *
You are knocked back by the lance of force.
You slam into the rock wall!
You block the naga warrior's attack. The naga warrior grabs you.
The naga warrior constricts you. The naga mage misses you.
Items here: )) [[ ÷ †.
You are too berserk!
You slice the naga warrior!!
The naga warrior is severely wounded.
You barely miss the naga ritualist. You slice the naga mage!!
* * * LOW HITPOINT WARNING * * *
You feel sick.
* * * LOW HITPOINT WARNING * * *
You are more poisoned.
The salamander mystic casts a spell at the naga warrior.
The naga warrior seems to speed up.
You block the naga ritualist's attack.
The naga mage hits you with a +2 spear of distortion.
* * * LOW HITPOINT WARNING * * *
Space warps horribly around you!
You die...

#..##...##
##........######..
#..##...#
##..##.##### #.#
#..##.[####...####
### #..##).#
#...## #..##..#
#.###
##..##()######
#...##.([[)))#
#...##.#####N##
#...##.# #N@#
#...##.# ##N##
#...##.# #N.#
#...##.#
##N#######
#...##.#
#NNN)N..##
######.#
###N)N##...### ###
#....)[.......
#.....N..N....
#.............


You could see 3 naga warriors, a salamander mystic (strong), a naga ritualist
(fast, strong, toxic aura, curare) and 5 naga magi.

Vanquished Creatures
  Saint Roka (Arena)
  Rupert (Snake:1)
  Roxanne (D:14)
  4 nagarajas
  Aizul (Arena)
  2 orc warlords
  Louise (D:14)
  2 blizzard demons (IceCv)
  3 boulder beetles
  2 salamander tyrants
  An ogre mage (D:15)
  9 naga warriors
  9 hydras
  5 catoblepae
  11 two-headed ogres
  4 centaur warriors
  12 anacondas
  10 death yaks
  5 shock serpents
  Urug (D:13)
  14 naga sharpshooters
  3 orc high priests (Orc:2)
  2 skeletal warriors (D:15)
  Nergalle (D:12)
  4 salamander mystics
  An obsidian statue (IceCv)
  9 naga ritualists
  7 spriggan simulacra (IceCv)
  A bog body (IceCv)
  A tengu zombie (D:15)
  5 orc knights
  A necromancer (D:15)
  A phantasmal warrior (D:15)
  11 ugly things
  24 salamanders
  4 orc sorcerers (Orc:2)
  11 mana vipers
  7 cyclopes
  A manticore (shapeshifter) (D:13)
  2 slime creatures (D:14)
  11 elephants (Lair:6)
  5 manticores
  16 naga magi
  34 black mambas
  A fire giant skeleton (D:15)
  2 guardian serpents
  2 molten gargoyles (D:15)
  16 cane toads
  Maggie (D:8)
  An unseen horror (D:13)
  Psyche (D:11)
  8 komodo dragons
  3 freezing wraiths
  6 ice devils (IceCv)
  2 anaconda simulacra (IceCv)
  3 rime drakes
  4 yaktaurs (D:15)
  7 entropy weaver simulacra (IceCv)
  A tengu conjurer (D:13)
  A spriggan skeleton (D:15)
  3 meliai (D:12)
  8 trolls
  A raiju (shapeshifter) (D:14)
  A dream sheep (shapeshifter) (D:15)
  14 blink frogs
  A tarantella (shapeshifter) (D:13)
  A spriggan zombie (D:15)
  2 wraiths
  The ghost of mn3067 the Chopper, an amateur MiFi (D:4)
  8 basilisks
  3 wyverns
  79 yaks
  4 fire elementals (D:15)
  2 dire elephant simulacra (IceCv)
  6 minotaur simulacra (IceCv)
  2 steam dragons (D:8)
  4 vampire mosquitoes
  4 wargs
  A harpy simulacrum (IceCv)
  2 acid dragons (D:12)
  39 nagas
  13 water moccasins
  A hydra simulacrum (IceCv)
  Duvessa (D:6)
  39 orc warriors
  A swamp drake (D:11)
  A floating eye (shapeshifter) (D:13)
  A sky beast (D:7)
  An ice beast (D:5)
  An ettin simulacrum (IceCv)
  6 wolves (Lair:6)
  6 alligator simulacra (IceCv)
  11 ogres
  A phantom (D:5)
  17 centaurs
  4 kobold brigands
  11 bullfrogs
  2 gnoll sergeants
  4 scorpions
  3 deep troll simulacra (IceCv)
  Dowan (D:6)
  3 lindwurm simulacra (IceCv)
  9 wights
  3 howler monkeys
  2 lava snakes (D:15)
  8 centaur zombies
  A centaur skeleton (D:6)
  A jelly (D:7)
  A gnoll shaman (D:6)
  6 hounds
  15 orc priests
  Ijyb (D:5)
  An iguana (D:4)
  18 orc wizards
  A killer bee zombie (D:6)
  A howler monkey zombie (D:9)
  6 mummies (Ossuary)
  Robin (D:3)
  10 gnolls
  12 adders
  4 river rats (Sewer)
  A shadow imp (D:6)
  2 white imps (D:8)
  2 worms (Sewer)
  A dart slug (D:4)
  95 orcs
  12 endoplasms
  2 giant cockroaches
  18 goblins
  7 hobgoblins
  A jackal (Sewer)
  6 quokkas
  9 ball pythons
  13 bats
  5 frilled lizards
  3 hobgoblin zombies (Ossuary)
  24 kobolds
  3 rats
939 creatures vanquished.

Vanquished Creatures (others)
  A black mamba (Snake:4)
  A fire vortex (D:15)
  14 fungi
  61 plants
  5 withered plants (D:15)
82 creatures vanquished.

Grand Total: 1021 creatures vanquished

Notes
Turn   | Place    | Note
-------+----------+-------------------------------------------
     0 | D:1      | DearestLeader the Minotaur Fighter began the quest for the
                  | Orb.
     0 | D:1      | Reached XP level 1. HP: 19/19 MP: 0/0
   231 | D:1      | Reached XP level 2. HP: 27/27 MP: 1/1
   315 | D:1      | Reached skill level 3 in Axes
   956 | D:2      | Reached XP level 3. HP: 30/33 MP: 2/2
  1175 | D:2      | Found a faded altar of an unknown god.
  2055 | D:3      | Reached skill level 4 in Axes
  2057 | D:3      | Reached XP level 4. HP: 40/40 MP: 3/3
  2061 | D:3      | Noticed Robin
  2062 | D:3      | Reached skill level 1 in Dodging
  2070 | D:3      | Killed Robin
  2079 | D:3      | Gained mutation: You sometimes lose the ability to read
                  | scrolls when taking damage. [potion of mutation]
  2079 | D:3      | Gained mutation: You are strong-willed. (Will+) [potion of
                  | mutation]
  2079 | D:3      | Gained mutation: Your system is resistant to poisons.
                  | (rPois) [potion of mutation]
  2079 | D:3      | HP: 2/40 [goblin[Robin] (2)]
  2874 | D:4      | Reached XP level 5. HP: 37/46 MP: 4/4
  3013 | D:4      | Found a staircase to the Ecumenical Temple.
  3016 | D:4      | Reached skill level 5 in Axes
  3025 | Temple   | Entered the Ecumenical Temple
  3147 | D:4      | Reached skill level 5 in Armour
  3147 | D:4      | Reached XP level 6. HP: 19/52 MP: 5/5
  3461 | D:4      | Reached skill level 6 in Axes
  3598 | D:4      | Noticed an orc warrior
  3664 | D:3      | Killed an orc warrior
  4198 | D:4      | Reached XP level 7. HP: 55/59 MP: 6/6
  4506 | D:4      | Found a large runed translucent door.
  4506 | D:4      | Found a large runed translucent door.
  4511 | D:4      | Noticed mn3067's ghost (amateur MiFi)
  4664 | D:4      | Killed mn3067's ghost
  4665 | D:4      | Reached skill level 7 in Axes
  4730 | D:5      | Entered Level 5 of the Dungeon
  4733 | D:5      | Noticed Ijyb
  4738 | D:5      | Killed Ijyb
  4778 | D:5      | Found a glowing drain.
  4790 | Sewer    | Entered a sewer
  5154 | Sewer    | Reached skill level 8 in Axes
  5702 | D:5      | Reached XP level 8. HP: 66/66 MP: 7/7
  6289 | D:6      | Found a sand-covered staircase.
  6298 | Ossuary  | Entered an ossuary
  6313 | Ossuary  | Reached skill level 9 in Axes
  6734 | D:6      | Reached skill level 10 in Axes
  6940 | D:6      | Noticed Dowan
  6941 | D:6      | Noticed Duvessa
  6956 | D:6      | Killed Duvessa
  6965 | D:6      | Reached XP level 9. HP: 61/71 MP: 8/8
  6975 | D:6      | Killed Dowan
  6976 | D:6      | Reached skill level 11 in Axes
  7906 | D:7      | Found a glowing silver altar of Zin.
  8094 | D:7      | Reached skill level 12 in Axes
  8333 | D:8      | Reached skill level 5 in Fighting
  8613 | D:8      | Noticed a komodo dragon
  8630 | D:8      | Killed a komodo dragon
  8631 | D:8      | Reached skill level 13 in Axes
  8631 | D:8      | Reached XP level 10. HP: 74/83 MP: 7/9
  8684 | D:8      | Found a staircase to the Lair.
  8690 | D:8      | Reached skill level 10 in Armour
  9077 | D:8      | Found a blossoming altar of Fedhas.
  9298 | D:8      | Found a glowing golden altar of the Shining One.
  9366 | D:8      | Noticed Maggie
  9383 | D:8      | Killed Maggie
  9711 | D:9      | Noticed a two-headed ogre
  9723 | D:9      | Killed a two-headed ogre
  9724 | D:9      | Reached skill level 14 in Axes
 10265 | D:9      | Noticed a two-headed ogre
 10273 | D:9      | Killed a two-headed ogre
 10274 | D:9      | Reached XP level 11. HP: 73/94 MP: 6/10
 10443 | D:9      | Found an iron altar of Okawaru.
 10444 | D:9      | Found an ancient bone altar of Kikubaaqudgha.
 10448 | D:9      | Reached skill level 15 in Axes
 10467 | D:9      | Became a worshipper of Warmaster Okawaru
 10565 | D:9      | Found a snail-covered altar of Cheibriados.
 10585 | D:10     | Entered Level 10 of the Dungeon
 10666 | D:10     | Reached skill level 1 in Invocations
 11158 | D:10     | Reached * piety under Okawaru
 11701 | Lair:1   | Entered Level 1 of the Lair of Beasts
 11704 | Lair:1   | Noticed an eight-headed hydra
 11805 | D:8      | Killed a five-headed hydra
 11806 | D:8      | Reached ** piety under Okawaru
 11846 | D:8      | Reached skill level 16 in Axes
 12184 | Lair:1   | You fall into a shaft and drop 1 floor!
 12442 | Lair:1   | Reached *** piety under Okawaru
 12480 | Lair:1   | Reached skill level 10 in Fighting
 12740 | Lair:1   | Reached **** piety under Okawaru
 12937 | Lair:1   | Reached XP level 12. HP: 106/106 MP: 14/14
 14378 | Lair:3   | Found a staircase to the Snake Pit.
 14440 | Lair:3   | Found the +3 pair of seven-league boots {Rampage+∞}
 14689 | Lair:3   | Found a staircase to the Shoals.
 14700 | Lair:3   | Reached skill level 5 in Invocations
 14789 | Lair:3   | Reached skill level 5 in Dodging
 14984 | Lair:3   | Identified 3 scrolls of acquirement
 14998 | Lair:3   | Acquired the ring "Xageque" {rElec rF+ rC+ Stlth+}
 15002 | Lair:3   | Acquired a manual of Fighting
 15004 | Lair:3   | Acquired the +4 executioner's axe "Woschaso" {vorpal, *Rage
                  | rElec rF+++ Str+9}
 15131 | Lair:4   | Noticed a seven-headed hydra
 15145 | Lair:4   | Killed a one-headed hydra
 15151 | Lair:4   | Reached ***** piety under Okawaru
 16050 | Lair:4   | Received a gift from Okawaru
 16641 | Lair:5   | Noticed a boulder beetle
 16654 | Lair:5   | Killed a boulder beetle
 16863 | Lair:5   | Noticed a catoblepas
 16875 | Lair:5   | Killed a catoblepas
 17241 | Lair:5   | Reached skill level 17 in Axes
 17509 | Lair:5   | Reached XP level 13. HP: 109/119 MP: 14/16
 18320 | Lair:6   | Entered Level 6 of the Lair of Beasts
 18333 | Lair:6   | Identified the +1 robe of Xeschit {rElec Dex+3} (Okawaru
                  | gifted it to you on level 6 of the Lair of Beasts)
 18333 | Lair:6   | Received a gift from Okawaru
 18789 | Lair:6   | Found a staircase to the Slime Pits.
 18971 | Lair:6   | Reached skill level 18 in Axes
 18986 | Lair:6   | Reached ****** piety under Okawaru
 18993 | Lair:6   | Received a gift from Okawaru
 19603 | Lair:6   | Reached XP level 14. HP: 100/133 MP: 14/18
 19952 | Lair:6   | Received a gift from Okawaru
 20010 | Lair:6   | Got the Volume of Confrontation
 20945 | D:11     | Noticed Psyche
 20948 | D:11     | Reached skill level 15 in Fighting
 20953 | D:11     | Killed Psyche
 21412 | D:11     | Reached skill level 19 in Axes
 21601 | D:11     | Found a staircase to the Orcish Mines.
 21900 | D:11     | Found Meozxyal's Antique Weapon Shop.
 22094 | Orc:1    | Entered Level 1 of the Orcish Mines
 22178 | Orc:1    | Noticed an orc warlord
 22196 | Orc:1    | Reached skill level 15 in Armour
 22207 | Orc:1    | Killed an orc warlord
 22460 | Orc:1    | Found Vikackez's Overcharged Wands.
 22764 | Orc:1    | Found Quna Xikk's General Store.
 22773 | Orc:1    | Bought a +2 hat for 176 gold pieces
 22796 | Orc:2    | Entered Level 2 of the Orcish Mines
 22796 | Orc:2    | Found Emywoucy's Antique Weapon Shop.
 22896 | Orc:2    | Noticed an orc warlord
 23253 | Orc:2    | Killed an orc warlord
 23399 | Orc:2    | Found Diyg's Jewellery Boutique.
 23403 | Orc:2    | Reached skill level 20 in Axes
 23663 | Orc:2    | Found Loarreng's General Store.
 23670 | Orc:2    | Bought a runed broad axe for 182 gold pieces
 23892 | Orc:2    | Found Qeruv's Antique Armour Emporium.
 23904 | Orc:2    | Bought a glowing cloak for 217 gold pieces
 23998 | Orc:2    | Found a staircase to the Elven Halls.
 24262 | D:12     | Identified the +2 hat of Going Fast {Regen+ MP+9} (Okawaru
                  | gifted it to you on level 12 of the Dungeon)
 24262 | D:12     | Received a gift from Okawaru
 24483 | D:12     | Found Loafufeu's Distillery.
 24497 | D:12     | Bought a potion of mutation for 112 gold pieces
 24497 | D:12     | Bought a potion of mutation for 112 gold pieces
 24730 | D:12     | Noticed Nergalle
 24740 | D:12     | Killed Nergalle
 25244 | D:13     | Found a gate to the Vaults.
 25442 | D:13     | Identified the +0 ring mail "Casus" {Str+5 Int-3}
 25495 | D:13     | Noticed Urug
 25500 | D:13     | Killed Urug
 25501 | D:13     | Reached XP level 15. HP: 141/141 MP: 21/21
 26054 | D:14     | Reached skill level 10 in Invocations
 26289 | D:14     | Identified Roxanne's Grimoire of Moulding
 26289 | D:14     | Noticed Roxanne
 26307 | D:14     | Killed Roxanne
 26415 | D:14     | Noticed Louise
 26432 | D:14     | Killed Louise
 26890 | D:14     | Reached skill level 21 in Axes
 26984 | D:15     | Entered Level 15 of the Dungeon
 27009 | D:15     | Found a frozen archway.
 27013 | IceCv    | Entered an ice cave
 27338 | IceCv    | Identified the +0 hat of Buddyep {rElec Will- Str+7 Int-4}
 27470 | IceCv    | Received a gift from Okawaru
 27662 | IceCv    | Identified the +6 trident "Boijyli" {distort, rCorr Int+3}
 28588 | D:15     | Found a staircase to the Depths.
 28617 | D:15     | Identified the +2 cloak "Zuiw" {rC+} (Okawaru gifted it to
                  | you on level 15 of the Dungeon)
 28617 | D:15     | Received a gift from Okawaru
 28652 | D:15     | Reached skill level 10 in Dodging
 28868 | D:15     | Reached skill level 22 in Axes
 28875 | D:15     | Reached XP level 16. HP: 149/155 MP: 0/22
 30015 | Snake:1  | Entered Level 1 of the Snake Pit
 30333 | Snake:1  | Noticed Rupert
 30341 | Snake:1  | Killed Rupert
 30989 | Snake:2  | Found Waly's Weapon Emporium.
 31001 | Snake:2  | Found a broken altar of Ashenzari.
 31020 | Snake:2  | Received a gift from Okawaru
 31037 | Snake:2  | Lost mutation: You sometimes lose the ability to read
                  | scrolls when taking damage. [potion of mutation]
 31037 | Snake:2  | Lost mutation: You are strong-willed. (Will+) [potion of
                  | mutation]
 31037 | Snake:2  | Lost mutation: Your system is resistant to poisons. (rPois)
                  | [potion of mutation]
 31037 | Snake:2  | Gained mutation: You are weak. (Str -2) [potion of
                  | mutation]
 31037 | Snake:2  | Gained mutation: Your magical capacity is low. (-10% MP)
                  | [potion of mutation]
 31038 | Snake:2  | Lost mutation: You are weak. (Str -2) [potion of mutation]
 31038 | Snake:2  | Lost mutation: Your magical capacity is low. (-10% MP)
                  | [potion of mutation]
 31038 | Snake:2  | Gained mutation: You expend magic power (3 MP) to
                  | strengthen your wands. [potion of mutation]
 31038 | Snake:2  | Gained mutation: You are partially covered in iridescent
                  | scales. (AC +2) [potion of mutation]
 31038 | Snake:2  | Gained mutation: You have large cloven feet. [potion of
                  | mutation]
 31284 | Snake:2  | Noticed Aizul
 31292 | Arena    | Entered the Arena
 31302 | Arena    | Killed Aizul
 32100 | Snake:3  | Reached skill level 5 in Shields
 32242 | Snake:3  | Reached skill level 23 in Axes
 32394 | Snake:3  | Identified the +0 pair of gloves "Ciummuad" {Int+3}
                  | (Okawaru gifted it to you on level 3 of the Snake Pit)
 32394 | Snake:3  | Received a gift from Okawaru
 33573 | Snake:3  | Reached XP level 17. HP: 168/168 MP: 18/23
 33934 | Snake:4  | Entered Level 4 of the Snake Pit
 34450 | Snake:4  | Found Nufummao's Gadget Gallery.
 34566 | Snake:4  | Reached skill level 10 in Shields
 34945 | Snake:4  | Received a gift from Okawaru
 35012 | Snake:4  | Reached skill level 24 in Axes
 35167 | Snake:4  | Noticed Saint Roka
 35501 | Arena    | Entered the Arena
 35515 | Arena    | Killed Saint Roka
 35866 | Arena    | Entered the Arena
 35866 | Arena    | HP: 7/168 [naga ritualist/Olgreb's Toxic Radiance (3)]
 35890 | Snake:4  | HP: 11/252 [naga ritualist/Olgreb's Toxic Radiance (2)]
 35890 | Snake:4  | HP: 4/252 [salamander mystic/lance of force (7)]
 35891 | Snake:4  | HP: 1/252 [naga mage (1)]
 35891 | Snake:4  | Mangled by a naga mage

Illustrated notes

Levels and vault maps discovered:
D:1:      nicolae_arrival_washed_ashore, layout_basic
D:2:      layout_loops_ring, shapermc_ecumenical_altar_ellora,
          serial_bayou_lake_a
D:3:      kennysheep_six_static_rooms, layout_basic, uniq_robin
D:4:      layout_layer_cave, minmay_temple_entry_mist,
          ebering_ghost_disaster_area, minmay_quadrilaterals
D:5:      layout_gridville, portal_sewer_entry_d, uniq_ijyb
D:6:      layout_loops_corners, enter_ossuary_2, uniq_duvessa
D:7:      layout_cave_pools, zin_statuary
D:8:      layout_basic, lemuel_tele_altar, old_standard_altar, erik_lair_dragon,
          uniq_maggie
D:9:      layout_loops_ring, kennysheep_mini,
          chequers_temple_overflow_statue_of_worship, kennysheep_small_circle
D:10:     layout_loops_corners
D:11:     layout_gridville, erik_orc_1, serial_shops, nicolae_lakefront_shop,
          uniq_psyche
D:12:     layout_roguey [special_room_orc], serial_shops, nicolae_stop_n_shop_1,
          blue_anna_alchemist, uniq_nergalle
D:13:     layout_irregular_city, david_vaults_2, roderic_roman_lattice,
          uniq_urug
D:14:     layout_irregular_city, minivault_24, uniq_louise, uniq_roxanne
D:15:     gammafunk_depths_entry_grave, layout_basic, minmay_strange_pillars,
          portal_ice_cave_entry_pillars_four
Temple:   lightli_temple_of_artemis
Lair:1:   layout_hall_layers, eino_small_chamber_without_monster
Lair:2:   layout_roguey, serial_bayou_shore_a, lemuel_fruit_tree
Lair:3:   layout_cave_pods, minmay_shoals_entry_centaurs,
          guppyfry_snake_entry_garden
Lair:4:   layout_layer_cave, serial_bayou_shore_b, grunt_megastairs_4
Lair:5:   wad_woods_structure_01, layout_loops_ring, st_stairs_13
Lair:6:   evilmike_catoblepas_cave, layout_hall_layers, slime_dummy
Snake:1:  layout_rooms, nicolae_snake_yet_another_twisty_hallway, uniq_rupert
Snake:2:  layout_misc_corridors, basic_altar, serial_shops,
          nicolae_shop_bloodbath_and_beyond, uniq_aizul
Snake:3:  layout_chambers, nicolae_snake_single_loop,
          nicolae_snake_salamander_fort
Snake:4:  snake_pit, layout_onion_interference, nicolae_shop_gadgets,
          uniq_saint_roka
Orc:1:    layout_diamond_mine, serial_shops, nicolae_lakefront_shop,
          basic_altar, nicolae_shop_overcharged_wands
Orc:2:    grunt_orc_gardens, layout_caves, grunt_orc_garden, grunt_orc_garden,
          grunt_orc_garden, grunt_orc_garden

Skill      XL: |  1  2  3  4  5  6  7  8  9 10 11 12 13 14 15 16 17 |
---------------+----------------------------------------------------+-----
Axes           | 3 4 5 6 8 10 13 14 16 17 18 20 22 23 24 | 24.0
Armour         | 4 5 6 8 9 11 12 13 14 15 16 17 | 17.6
Fighting       | 4 6 8 10 12 14 15 17 19 | 19.3
Shields        | 4 7 13 | 13.3
Dodging        | 1 2 3 4 6 8 10 11 | 11.0
Invocations    | 4 6 7 9 10 | 10.0

Action                   |  1- 3 |  4- 6 |  7- 9 | 10-12 | 13-15 | 16-18 || total
-------------------------+-------+-------+-------+-------+-------+-------++-------
Melee: War axe           |   100 |   118 |   358 |   582 |   244 |     5 ||  1407
       Headbutt          |     9 |    16 |    63 |   125 |   239 |   157 ||   609
       Broad axe         |       |       |       |       |   805 |   677 ||  1482
Invok: Heroism           |       |       |       |       |     4 |     1 ||     5
       Finesse           |       |       |       |       |     2 |     1 ||     3
       Duel              |       |       |       |       |       |     3 ||     3
Evoke: Wand              |       |       |       |       |       |     1 ||     1
  Use: Potion            |       |     5 |       |       |       |    11 ||    16
       Scroll            |       |     2 |     3 |    13 |     6 |     7 ||    31
Armor: Scale mail        |    25 |       |       |       |       |       ||    25
       Plate armour      |    29 |    86 |   261 |   350 |   603 |   400 ||  1729
       Skin              |       |     6 |       |       |       |       ||     6
Dodge: Dodged            |    46 |    26 |   123 |   183 |   345 |   205 ||   928
Block: Buckler           |    23 |    32 |    80 |    91 |   179 |    81 ||   486
       Kite shield       |       |       |       |       |       |   112 ||   112
       Reflection        |       |       |       |       |       |    21 ||    21
